 Dungeon Crawl Stone Soup version 0.31-a0-426-g3a05650e59 (webtiles) character file.

Game seed: 2964348973504458629

103466 floatRand the Brawler (level 15, 0/113 HPs)
             Began as a Green Draconian Shapeshifter on July 31, 2023.
             Was the Champion of Wu Jian.
             Slain by a spriggan rider
             ... wielding a +0 spear
              (11 damage)
             ... on level 1 of the Swamp.
             The game lasted 00:52:59 (27250 turns).

floatRand the Brawler (DrSh)                       Turns: 27250, Time: 00:52:59

Health: 0/113      AC: 20    Str: 19    XL:     15   Next: 89%
Magic:  15/15      EV: 16    Int: 19    God:    Wu Jian [******]
Gold:   697        SH:  5    Dex: 15    Spells: 8/14 levels left

rFire   + .          .
                       - Unarmed
rCold   + + .        (no shield)
rNeg    . . .        (body armour unavailable)
rPois   +            p - +2 hat {Int+3}
rElec   .            u - +2 cloak {Stlth+}
rCorr   .            o - +2 pair of gloves {hurl}
SInv    .            y - +2 pair of boots
Will    +....        l - amulet "Joheb" {Reflect rPois rF+ rC+ Int+5 SH+5}
Stlth   ++           M - ring of protection from fire
HPRegen 0.38/turn    I - ring of ice
MPRegen 0.14/turn

%: reflection
@: about to teleport, maw-form, studying Ice Magic, very slow
A: devouring maw, breathe noxious fumes, AC +9, unfitting armour, stinger 1,
poison resistance, cold-blooded
a: Breathe Noxious Fumes, Begin Untransformation, Renounce Religion, Wall Jump,
Serpent's Lash, Heavenly Storm


You were on level 1 of the Swamp.
You worshipped Wu Jian.
Wu Jian was exalted by your worship.
You were a creature with a mouth for a stomach.
You visited 5 branches of the dungeon, and saw 24 of its levels.
You visited the Abyss 1 time.
You also visited: Ossuary and Ice Cave.

You collected 2195 gold pieces.
You spent 1498 gold pieces at shops.

Inventory:

Missiles
 a - 5 silver javelins
Armour
 o - a +2 pair of gloves of hurling (worn)
 p - a +2 hat of intelligence (worn)
 u - a +2 cloak of stealth (worn)
 y - a +2 pair of boots (worn)
Jewellery
 l - the amulet "Joheb" (around neck) {Reflect rPois rF+ rC+ Int+5 SH+5}
   (You bought it in a shop on level 2 of the Orcish Mines)

   [amulet of reflection]

   It reflects blocked missile attacks.
   Int:       It affects your intelligence (+5).
   rF:        It protects you from fire.
   rC:        It protects you from cold.
   rPois:     It protects you from poison.
   SH:        It affects your SH (+5).
 m - a ring of see invisible
 I - a ring of ice (right hand)
 J - a ring of protection from fire
 M - a ring of protection from fire (left hand)
 O - a ring of fire
 P - an amulet of regeneration
 Q - a ring of resist corrosion
 U - a ring of flight
Talismans
 b - a beast talisman
 c - a serpent talisman
 A - a maw talisman (active)
 T - a granite talisman
Wands
 s - a wand of paralysis (26)
 B - a wand of flame (35)
 C - a wand of polymorph (17)
 D - a wand of iceblast (20)
 E - a wand of digging (7)
Scrolls
 h - 7 scrolls of fog
 q - 5 scrolls of teleportation
 r - 5 scrolls of enchant weapon
 w - 2 scrolls of immolation
 G - 2 scrolls of amnesia
 L - a scroll of brand weapon
 N - 10 scrolls of identify
 R - a scroll of poison
Potions
 d - 11 potions of curing
 f - 4 potions of brilliance
 g - 3 potions of haste
 i - 2 potions of resistance
 j - 2 potions of attraction
 n - 4 potions of magic
 t - 5 potions of lignification
 v - 2 potions of enlightenment
 x - 4 potions of might
 z - a potion of ambrosia
 H - 4 potions of mutation
 S - a potion of cancellation
Miscellaneous
 e - a phial of floods (inert)


   Skills:
 - Level 5.4 Fighting
 - Level 8.7 Dodging
 - Level 4.5 Stealth
 * Level 20.6 Unarmed Combat
 * Level 6.2 Translocations
 - Level 2.2 Evocations
 * Level 13.7 Shapeshifting


You had 8 spell levels left.
You knew the following spells:

 Your Spells              Type           Power      Damage    Failure   Level
a - Blink                 Tloc           46%        N/A       2%          2
b - Manifold Assault      Tloc           23%        N/A       16%         4

Your spell library contained the following spells:

 Spells                   Type           Power      Damage    Failure   Level
 Apportation              Tloc           46%        N/A       1%          1
 Vhi's Electric Charge    Tloc/Air       22%        N/A       17%         3
 Freeze                   Ice            0%         1d3       21%         1
 Magic Dart               Conj           0%         1d3       21%         1
 Necrotise                Necr           0%         1d4       21%         1
 Sandblast                Erth           0%         2d4       21%         1
 Summon Small Mammal      Summ           0%         N/A       21%         1
 Call Imp                 Summ           0%         N/A       30%         2
 Passwall                 Tmut/Erth      0%         N/A       30%         2
 Call Canine Familiar     Summ           0%         N/A       52%         3
 Frozen Ramparts          Ice            0%         1d1       52%         3
 Hailstorm                Conj/Ice       0%         3d3       52%         3
 Mephitic Cloud           Conj/Pois/Air  0%         N/A       52%         3
 Stone Arrow              Conj/Erth      0%         3d7       52%         3
 Summon Guardian Golem    Hex/Summ       0%         N/A       52%         3
 Cause Fear               Hex            0%         N/A       90%         4
 Petrify                  Tmut/Erth      0%         N/A       90%         4
 Arcjolt                  Conj/Air       0%         1d10      99%         5
 Fireball                 Conj/Fire      0%         3d3       99%         5
 Metabolic Englaciation   Hex/Ice        0%         N/A       99%         5
 Maxwell's Capacitive Co  Air            0%         ∞         100%        8
 Dragon's Call            Summ           0%         N/A       100%        9


Dungeon Overview and Level Annotations

Branches:
Dungeon (15/15)            Temple (1/1) D:7            Lair (5/5) D:10
  Swamp (1/4) Lair:2        Snake (0/4) Lair:3        Slime (0/5) Lair:5
    Orc (2/2) D:11            Elf (0/3) Orc:2        Vaults (0/5) D:13
 Depths (0/4) D:15        Ossuary (visited)           IceCv (visited)

Altars:
Ashenzari
Cheibriados
Dithmenos
Elyvilon
Fedhas
Gozag
Hepliaklqana
Kikubaaqudgha
Makhleb
Nemelex Xobeh
Okawaru
Qazlal
Ru
Sif Muna
Trog
Uskayaw
Vehumet
Wu Jian
Xom
Yredelemnul
Zin
The Shining One
Jiyva

Shops:
D:8 (   D:11 (   D:12 :   Orc:2 :[[(=*([

Annotations:
D:11 Nergalle
D:13 exclusions: oklob plant and oklob sapling
Lair:2 exclusion: ice statue


Innate Abilities, Weirdness & Mutations

You are a creature with a mouth for a stomach.
Your midsection houses a second, enormous mouth.
You can breathe blasts of noxious fumes.
Your lurid green scales are hard. (AC +9)
You cannot fit into any form of body armour.
Your tail ends in a venomous barb.
Your system is resistant to poisons. (rPois)
You are cold-blooded and may be slowed by cold attacks.


Message History

The spriggan is heavily wounded.
The spriggan seems less confused.
The spriggan rider attacks as you move away!
The spriggan rider misses you.
The spriggan is no longer waterlogged.
The spriggan rider is no longer waterlogged.
The spriggan rider seems less confused.
The spriggan rider misses you. The spriggan rider barely misses you.
The alligator bites you. The alligator tail-slaps you.
Unknown command.
Your unstable footing causes you to fumble your attack.
Unknown command.
You closely miss the alligator. Your bite misses the alligator.
The spriggan rider looks more healthy.
The spriggan rider is no longer waterlogged.
The spriggan rider hits you from afar with a +0 spear!
* * * LOW HITPOINT WARNING * * *
The alligator bites you but does no damage.
The alligator barely misses you. You block the spriggan's attack.
Your unstable footing causes you to fumble your attack.
Your surroundings seem slightly different.
Splash!
A spriggan rider comes into view. It is wielding a +0 spear.
The spriggan rider shouts!
Unknown command.
A spriggan rider comes into view. It is wielding a +0 spear.
The spriggan rider hits you from afar with a +0 spear!
* * * LOW HITPOINT WARNING * * *
Unknown command.
As you read the scroll of teleportation, it crumbles to dust.
You feel strangely unstable.
The spriggan rider hits you from afar with a +0 spear!
* * * LOW HITPOINT WARNING * * *
The vampire mosquito bites you but does no damage.
Unknown command.
You feel better.
You have got your breath back.
The vampire mosquito closely misses you.
The spriggan rider barely misses you.
The spriggan rider hits you from afar with a +0 spear!
You die...

~~.♣~~~....♣
......~....~~~~~♣
♣~~~~~.~~~~~.~.♣.♣♣
~~...~~~..~~.~.~~.♣♣
~..♣♣.~~~~~.~.~~.~.~...♣♣
...~♣.~~.~§~i.♣.....^♣..♣
.......~.~~.i.~~♣..♣.♣♣.♣
≈.$...~§.~~~~§~..♣♣♣♣..~♣♣
......~~.~~.W~.~.♣ ♣♣♣~>♣
~~y...~~~~.~y~.~.♣♣ ♣..♣
~~~i...~~~ii~..♣♣.♣ ♣.♣♣
.♣.~ty....♣♣♣.♣ ♣.♣
♣♣§).♣..♣♣ ♣.♣ ♣.♣
♣.i♣..♣♣ ♣.♣ ♣.♣ ♣†~♣.♣♣
♣[♣ ♣♣~♣♣ ♣♣~♣♣♣♣ ♣>♣
♣.~.♣ ♣§♣♣ ♣~♣ ♣♣.♣♣


You could see an alligator (swift), 4 spriggan riders, 2 vampire mosquitoes and
a spriggan.

Vanquished Creatures
  Rupert (Lair:3)
  Gastronok (D:11)
  3 ettins
  Snorg (D:10)
  A fire dragon (Lair:5)
  Fannar (D:10)
  An ice dragon (Lair:2)
  5 centaur warriors
  9 hydras
  3 boulder beetles
  6 two-headed ogres
  6 tengu warriors
  A catoblepas (Lair:4)
  5 death yaks (Lair:3)
  4 orc high priests (Orc:2)
  Urug (D:11)
  Sonja (Lair:3)
  A hell knight (D:15)
  An iron troll (D:13)
  A shadow wraith (D:13)
  Amaemon (D:8)
  A fire crab (shapeshifter) (D:13)
  A deep troll (D:15)
  2 bog bodies (IceCv)
  A swamp dragon (Swamp:1)
  A lindwurm (Lair:5)
  Pikel (D:6)
  3 deep elf pyromancers
  2 wizards
  4 orc sorcerers
  A necromancer (D:15)
  17 ugly things
  4 cyclopes
  An ice statue (IceCv)
  A manticore (D:14)
  16 elephants
  3 molten gargoyles (Lair:5)
  A gargoyle (D:13)
  9 black mambas
  Joseph (D:8)
  An orange demon (D:8)
  14 cane toads
  An efreet (D:15)
  17 komodo dragons
  A rime drake (Lair:5)
  A freezing wraith (D:15)
  3 ice devils (Lair:2)
  6 yaktaurs (D:15)
  7 trolls
  3 meliai (D:15)
  3 hornets
  4 polar bears
  12 blink frogs
  7 dream sheep (Lair:5)
  6 slime creatures
  A dire elephant simulacrum (IceCv)
  A shadow (D:11)
  6 basilisks
  4 wyverns
  A water elemental (D:11)
  26 yaks
  2 wraiths
  5 steam dragons
  6 vampire mosquitoes
  4 death yak simulacra
  4 wargs
  3 harpy simulacra
  3 nagas (Lair:3)
  3 acid dragons
  4 hell hounds (Lair:5)
  18 water moccasins
  2 hydra simulacra (IceCv)
  5 sky beasts
  16 orc warriors
  An ice beast (D:5)
  4 ogres
  4 black bears
  7 centaurs
  32 wolves
  3 lemures (D:5)
  3 kobold brigands
  2 phantoms (D:6)
  12 bullfrogs
  Blork the orc (D:5)
  6 two-headed ogre simulacra
  2 gnoll sergeants
  2 cane toad simulacra
  4 scorpions
  6 wights
  3 elephant simulacra (IceCv)
  6 electric eels (D:11)
  5 howler monkeys
  3 lava snakes (Lair:5)
  8 crimson imps (D:12)
  2 jellies
  5 hounds
  3 human zombies (Ossuary)
  34 orc priests
  3 sleepcaps
  4 iguanas
  33 orc wizards
  9 spriggan simulacra
  5 polar bear simulacra (IceCv)
  7 troll simulacra
  2 wolf simulacra (IceCv)
  6 mummies
  7 gnolls (D:5)
  21 adders
  10 naga simulacra (IceCv)
  2 shadow imps
  6 white imps
  3 ufetubi
  65 orcs
  14 ball pythons
  2 endoplasms
  5 giant cockroaches
  12 goblins
  9 hobgoblins
  3 jackals (D:1)
  2 quokkas
  3 bats
  5 frilled lizards
  A hobgoblin zombie (Ossuary)
  16 kobolds
  2 kobold zombies
  4 orc zombies
  3 rats (D:1)
  2 butterflies (Lair:5)
748 creatures vanquished.

Vanquished Creatures (others)
  An orc wizard (Orc:2)
1 creature vanquished.

Grand Total: 749 creatures vanquished

Notes
Turn   | Place    | Note
-------+----------+-------------------------------------------
     0 | D:1      | floatRand the Draconian Shapeshifter began the quest for
                  | the Orb.
     0 | D:1      | Reached XP level 1. HP: 16/16 MP: 1/1
    66 | D:1      | Reached XP level 2. HP: 23/23 MP: 2/2
   311 | D:1      | Reached XP level 3. HP: 27/28 MP: 3/3
   429 | D:1      | Reached skill level 4 in Unarmed Combat
   648 | D:2      | Reached XP level 4. HP: 29/35 MP: 4/4
  1242 | D:3      | Found a basalt altar of Yredelemnul.
  1812 | D:4      | Reached skill level 5 in Unarmed Combat
  1843 | D:4      | Reached XP level 5. HP: 38/40 MP: 5/5
  1929 | D:4      | Noticed an ogre
  1939 | D:4      | Killed an ogre
  1940 | D:4      | Reached XP level 6. HP: 47/47 MP: 6/6
  2173 | D:4      | Reached skill level 6 in Unarmed Combat
  2263 | D:4      | Found a sand-covered staircase.
  2293 | Ossuary  | Entered an ossuary
  2520 | Ossuary  | Your scales start taking on a lurid green colour.
  2520 | Ossuary  | Reached XP level 7. HP: 52/52 MP: 7/7
  2520 | Ossuary  | Gained mutation: Your system is resistant to poisons.
                  | (rPois) [Green Draconian growth]
  2614 | Ossuary  | Reached skill level 7 in Unarmed Combat
  2865 | D:4      | Found a hazy altar of Hepliaklqana.
  3046 | D:5      | Entered Level 5 of the Dungeon
  3080 | D:5      | Found a bloodstained altar of Trog.
  3158 | D:5      | Reached skill level 5 in Shapeshifting
  3420 | D:5      | Found a burning altar of Makhleb.
  3445 | D:5      | Reached skill level 8 in Unarmed Combat
  3561 | D:5      | Reached XP level 8. HP: 56/59 MP: 8/8
  3567 | D:5      | Learned a level 2 spell: Blink
  3572 | D:5      | Learned a level 4 spell: Manifold Assault
  3695 | D:5      | Noticed Blork the orc
  3710 | D:5      | Killed Blork the orc
  4309 | D:5      | Reached skill level 5 in Fighting
  4309 | D:5      | Reached skill level 11 in Unarmed Combat
  4309 | D:5      | Reached XP level 9. HP: 74/74 MP: 9/9
  4370 | D:6      | Found a blossoming altar of Fedhas.
  4531 | D:6      | Noticed Pikel
  4857 | D:6      | Killed Pikel
  4888 | D:6      | Found a shimmering blue altar of Sif Muna.
  5057 | D:6      | Found a white marble altar of Elyvilon.
  5116 | Abyss:1  | Cast into level 1 of the Abyss (gnoll sergeant)
  5128 | D:6      | Escaped the Abyss
  5231 | D:6      | Reached skill level 12 in Unarmed Combat
  5236 | D:6      | Reached XP level 10. HP: 43/81 MP: 10/10
  5971 | D:7      | Found a staircase to the Ecumenical Temple.
  6008 | Temple   | Entered the Ecumenical Temple
  6018 | Temple   | Became a worshipper of the Wu Jian Council
  6694 | D:8      | Noticed Joseph
  6920 | D:8      | Noticed Amaemon
  6926 | D:8      | Noticed an orange demon
  6934 | D:8      | Killed Amaemon
  7037 | D:8      | Killed an orange demon
  7474 | D:8      | Found Buyclas's Antique Weapon Shop.
  7491 | D:8      | Killed Joseph
  7492 | D:8      | Reached skill level 13 in Unarmed Combat
  7803 | D:8      | Reached * piety under Wu Jian
  8464 | D:9      | Found a broken altar of Ashenzari.
  9080 | D:10     | Entered Level 10 of the Dungeon
  9089 | D:10     | Noticed Fannar
  9099 | D:10     | Killed Fannar
  9100 | D:10     | Reached XP level 11. HP: 87/88 MP: 11/11
  9167 | D:10     | Noticed Snorg
  9177 | D:10     | Killed Snorg
  9712 | D:10     | Found a staircase to the Lair.
  9727 | D:10     | Reached skill level 14 in Unarmed Combat
 10269 | D:11     | Noticed Urug
 10303 | D:11     | Reached ** piety under Wu Jian
 10382 | D:11     | Found a staircase to the Orcish Mines.
 10798 | Lair:1   | Entered Level 1 of the Lair of Beasts
 12231 | Lair:2   | Reached skill level 15 in Unarmed Combat
 12694 | Lair:2   | Reached XP level 12. HP: 94/94 MP: 12/12
 12756 | Lair:2   | Found a staircase to the Swamp.
 12780 | Lair:2   | Reached *** piety under Wu Jian
 12981 | Lair:2   | Reached skill level 10 in Shapeshifting
 13693 | Lair:2   | Noticed an ice dragon
 13720 | Lair:2   | Killed an ice dragon
 13721 | Lair:2   | Reached skill level 16 in Unarmed Combat
 14633 | Lair:3   | Noticed a death yak
 14657 | Lair:3   | Killed a death yak
 14823 | Lair:3   | Noticed a six-headed hydra
 14838 | Lair:3   | Killed a six-headed hydra
 14935 | Lair:3   | Found a staircase to the Snake Pit.
 15028 | Lair:3   | Noticed Sonja
 15036 | Lair:3   | Killed Sonja
 15066 | Lair:3   | Noticed Rupert
 15099 | Lair:3   | Killed Rupert
 15100 | Lair:3   | Reached skill level 5 in Dodging
 15100 | Lair:3   | Reached skill level 17 in Unarmed Combat
 15202 | Lair:3   | Noticed a death yak
 15203 | Lair:3   | Noticed a death yak
 15203 | Lair:3   | Noticed a death yak
 15225 | Lair:3   | Killed a death yak
 15225 | Lair:3   | Reached **** piety under Wu Jian
 15226 | Lair:3   | Reached XP level 13. HP: 99/101 MP: 13/13
 17138 | Lair:5   | Entered Level 5 of the Lair of Beasts
 17144 | Lair:4   | Reached skill level 18 in Unarmed Combat
 17272 | Lair:5   | Reached ***** piety under Wu Jian
 17372 | Lair:5   | Identified the +0 robe of Vanity {Fly}
 17575 | Lair:5   | Gained mutation: Your tail ends in a venomous barb. [Green
                  | Draconian growth]
 17575 | Lair:5   | Reached XP level 14. HP: 107/107 MP: 14/14
 17651 | Lair:5   | Found a viscous altar of Jiyva.
 17652 | Lair:5   | Found a staircase to the Slime Pits.
 18181 | Lair:5   | Found a large runed translucent door.
 18182 | Lair:5   | Found a large runed translucent door.
 18357 | Lair:5   | Reached skill level 19 in Unarmed Combat
 18908 | D:12     | Noticed a walking frostbound tome
 18910 | D:12     | Found Qaareqerr's Book Boutique.
 18912 | D:12     | Noticed a walking divine tome
 19094 | D:12     | Found a frozen archway.
 19144 | IceCv    | Entered an ice cave
 20163 | IceCv    | Found the +8 Wrath of Trog {antimagic, *Rage Rampage}
 20692 | D:11     | Noticed Gastronok
 20703 | D:11     | Reached ****** piety under Wu Jian
 20709 | D:11     | Killed Gastronok
 20872 | D:11     | Killed Urug
 20873 | D:11     | Reached skill level 1 in Evocations
 21060 | D:11     | Found Jukicuj's Weapon Shop.
 21196 | D:11     | Noticed Nergalle
 21788 | D:13     | HP: 4/99 [ettin/+2 dire flail of draining (5)]
 22606 | D:13     | Found a gate to the Vaults.
 22964 | D:13     | Reached XP level 15. HP: 113/113 MP: 15/15
 23045 | D:14     | Reached skill level 1 in Translocations
 23277 | D:14     | Reached skill level 20 in Unarmed Combat
 24039 | D:15     | Entered Level 15 of the Dungeon
 24641 | D:15     | Found a staircase to the Depths.
 25194 | D:15     | Reached skill level 5 in Translocations
 25370 | Orc:1    | Entered Level 1 of the Orcish Mines
 25414 | Orc:2    | Entered Level 2 of the Orcish Mines
 25421 | Orc:2    | Found Yrphom's Armour Shop.
 25421 | Orc:2    | Found Pociep's Antique Weapon Emporium.
 25556 | Orc:2    | Found a staircase to the Elven Halls.
 26295 | Orc:2    | Found Ziocuf's Book Shop.
 26360 | Orc:2    | Found Huviciwk's Antique Armour Emporium.
 26360 | Orc:2    | Found Koacsoqo's Jewellery Shoppe.
 26361 | Orc:2    | Found Olejuavurr's Assorted Antiques.
 26365 | Orc:2    | Found Araneole's Weapon Emporium.
 26421 | Orc:2    | Bought the amulet "Joheb" {Reflect rPois rF+ rC+ Int+5
                  | SH+5} for 854 gold pieces
 26783 | Orc:2    | Bought a +2 pair of gloves of hurling for 322 gold pieces
 26783 | Orc:2    | Bought a +2 cloak of stealth for 322 gold pieces
 26846 | Orc:2    | Found Ygra's Armour Emporium.
 27175 | Swamp:1  | Entered Level 1 of the Swamp
 27249 | Swamp:1  | HP: 2/113 [spriggan rider/+0 spear (8)]
 27250 | Swamp:1  | Slain by a spriggan rider

Illustrated notes

Levels and vault maps discovered:
D:1:      ncdulo_halloftheorcs, layout_rooms
D:2:      layout_rooms, serial_forest, infiniplex_forest_clump_curved,
          infiniplex_forest_end_1, infiniplex_forest_end_2,
          infiniplex_forest_end_double, infiniplex_forest_clump_small
D:3:      layout_loops_ring, old_standard_altar
D:4:      layout_loops_ring, nicolae_hepliaklqana_hazy_memory,
          nicolae_ossuary_entry_giza
D:5:      layout_basic, mainiacjoe_overflow_alcove_4,
          mainiacjoe_overflow_alcove_2, uniq_blork_the_orc
D:6:      layout_cave_pools, nicolae_elyvilon_peaceful_grove, fedhas_altar_1,
          mainiacjoe_overflow_24_doors, wad_floor_pattern_untrapped,
          nzn_random_ring, uniq_pikel
D:7:      layout_cave_pods, temple_pool_b
D:8:      layout_gridville, minmay_tree_intersection, solitary_fountain,
          minmay_shop_grid_forest, minivault_5, minmay_diced_spiral,
          uniq_amaemon, uniq_joseph
D:9:      layout_long_grid, mainiacjoe_overflow_chevrons,
          minmay_misc_feat_columns, kennysheep_generic_room_5
D:10:     layout_roguey, erik_lair_orcish_takeover, minivault_22,
          nicolae_elevator_lobby_plus, uniq_snorg, uniq_fannar
D:11:     layout_basic, orc_0_dummy, serial_shops, shop, uniq_gastronok,
          uniq_urug, uniq_nergalle
D:12:     layout_roguey, serial_shops, nicolae_shop_mannequins,
          portal_ice_cave_entry_ice_simulacra, minmay_nine_imps
D:13:     layout_long_grid, david_vaults_4, moated_statue,
          introduction_to_nature_1
D:14:     layout_long_grid, serial_park_gazebo [serial_park_minivault_5x5_5]
D:15:     hangedman_depths_entry_civil_slaughter, layout_long_grid
Temple:   nicolae_temple_great_sept
Lair:1:   layout_cave_pods, serial_bayou_shore_b, grunt_megastairs_1
Lair:2:   dreamdust_isle_of_ice, layout_layer_cave, minmay_swamp_entry_eels
Lair:3:   layout_cave_shapes, guppyfry_snake_entry_garden, uniq_sonja,
          uniq_rupert
Lair:4:   layout_long_grid, minmay_shattered_shrine, lemuel_fruit_tree,
          serial_bayou_shore_a
Lair:5:   cheibrodos_lair_end_hotspot, layout_regular_city, slime_entry_1,
          lemuel_fruit_fields
Swamp:1:  layout_falls_marsh, evilmike_swamp_ruin_rubble_2, uniq_jorgrun
Orc:1:    layout_diamond_mine
Orc:2:    st_orc_mages, layout_caves, serial_shops, shop,
          nicolae_shop_back_alley_shop, nicolae_book_shop_shelving, shop

Skill      XL: |  1  2  3  4  5  6  7  8  9 10 11 12 13 14 15 |
---------------+----------------------------------------------+-----
Unarmed Combat | 4 5 6 8 11 12 13 15 17 18 19 20 | 20.6
Shapeshifting  | 4 5 7 8 9 10 11 12 13 | 13.7
Fighting       | 5 |  5.4
Dodging        | 4 5 7 8 |  8.7
Stealth        | 4 |  4.5
Evocations     | 2 |  2.2
Translocations | 6 |  6.2

Action                     |  1- 3 |  4- 6 |  7- 9 | 10-12 | 13-15 || total
---------------------------+-------+-------+-------+-------+-------++-------
  Melee: Unarmed           |    90 |   127 |   184 |   548 |  1213 ||  2162
         Tailslap          |     5 |    16 |    36 |    92 |   223 ||   372
         Punch             |       |     4 |    16 |    52 |   166 ||   238
         Maw               |       |       |       |    67 |   282 ||   349
 Invoke: Heavenly Storm    |       |       |       |       |     1 ||     1
Ability: Breathe Noxious F |       |       |    29 |    43 |    68 ||   140
         Lunge             |       |       |       |    49 |    97 ||   146
         Whirlwind         |       |       |       |    16 |    50 ||    66
  Evoke: Wand              |       |       |       |     8 |     9 ||    17
         Phial of floods   |       |       |       |       |     1 ||     1
    Use: Potion            |       |     1 |     1 |     3 |    10 ||    15
         Scroll            |       |       |    17 |    11 |    14 ||    42
   Stab: Sleeping          |     2 |     2 |     1 |     5 |     7 ||    17
         Confused          |       |       |    13 |    27 |    41 ||    81
         Distracted        |       |       |       |     2 |     7 ||     9
         Invisible         |       |       |       |     2 |       ||     2
         Paralysed         |       |       |       |     1 |       ||     1
 Armour: Skin              |    41 |    25 |    44 |   106 |   312 ||   528
  Dodge: Dodged            |    72 |    56 |   104 |   238 |   610 ||  1080
  Block: Other             |       |       |       |    70 |    12 ||    82
         Reflection        |       |       |       |     7 |       ||     7
   Form: Maw               |       |       |       |     1 |       ||     1

Table legend: (Time is in decaauts)
 A = Elapsed time spent in this place.
 B = Non-inter-level travel time spent in this place.
 C = Inter-level travel time spent in this place.
 D = Time resting spent in this place.
 E = Time spent auto-exploring this place.
 F = Levels seen in this place.
 G = Mean time per level.
                   A        B        C        D        E       F      G
               +--------+--------+--------+--------+--------+-----+--------+
         Total |  26828 |  25255 |   1573 |   4770 |  12553 |  27 |  993.6 |
       Dungeon |  16358 |  15195 |   1163 |   3158 |   7798 |  15 | 1090.5 |
        Temple |     20 |     20 |      0 |      0 |      0 |   1 |   20.0 |
          Lair |   7404 |   7091 |    313 |    986 |   3893 |   5 | 1480.8 |
         Swamp |     71 |     71 |      0 |      0 |     23 |   1 |   71.0 |
  Orcish Mines |   1502 |   1408 |     94 |    106 |    628 |   2 |  751.0 |
         Abyss |     11 |     11 |      0 |      0 |      0 |   1 |   11.0 |
       Ossuary |    398 |    398 |      0 |    135 |     33 |   1 |  398.0 |
      Ice Cave |   1061 |   1061 |      0 |    385 |    176 |   1 | 1061.0 |
               +--------+--------+--------+--------+--------+-----+--------+

Top non-repeatable levels by time:
  Lair:2: 2363 daAuts
     D:7: 1705 daAuts
     D:5: 1576 daAuts
    D:11: 1563 daAuts
    D:13: 1450 daAuts
  Lair:5: 1401 daAuts
    D:10: 1359 daAuts
  Lair:4: 1333 daAuts
    D:14: 1324 daAuts
  Lair:3: 1182 daAuts
     D:8: 1131 daAuts
  Lair:1: 1123 daAuts
     D:4: 1069 daAuts
   IceCv: 1061 daAuts
    D:12: 1014 daAuts
